 Dungeon Crawl Stone Soup version 0.31-a0-355-g57cb03d3e8 (webtiles) character file.

Game seed: 11413849421305650753

57 Sabo the Trooper (level 3, -4/29 HPs)
             Began as a Demonspawn Fighter on July 25, 2023.
             Slain by Sigmund
             ... wielding a +0 scythe
              (8 damage)
             ... on level 2 of the Dungeon.
             The game lasted 00:07:53 (1332 turns).

Sabo the Trooper (Demonspawn Fighter)               Turns: 1332, Time: 00:07:55

Health: -4/29      AC: 11    Str: 18    XL:     3   Next: 73%
Magic:  3/3        EV:  3    Int:  9    God:
Gold:   91         SH:  8    Dex: 12    Spells: 2/2 levels left

rFire   . . .        a - +1 war axe
rCold   . . .        b - +0 kite shield
rNeg    . . .        e - +0 plate armour
rPois   .            (no helmet)
rElec   .            (no cloak)
rCorr   +            (no gloves)
SInv    .            (no boots)
Will    .....        f - amulet of regeneration Stlth
                     g - ring of resist corrosion
HPRegen 1.04/turn    (no ring)
MPRegen 0.08/turn

%: no passive effects
@: no status effects
A: powered by death 2
a: no special abilities


You were on level 2 of the Dungeon.
You visited 1 branch of the dungeon, and saw 2 of its levels.

You collected 91 gold pieces.

Inventory:

Hand Weapons
 a - a +1 war axe (weapon)
 h - a +0 sling
Armour
 b - a +0 kite shield (worn)
 e - a +0 plate armour (worn)
Jewellery
 f - an amulet of regeneration (around neck)
 g - a ring of resist corrosion (left hand)
Scrolls
 c - a scroll of fear
 i - a scroll of identify {unknown}
 j - a scroll of fog {unknown}
Potions
 d - a potion of might


   Skills:
 + Level 3.5 Fighting
 + Level 2.4 Axes
 + Level 3.0 Armour
 + Level 0.1 Dodging
 + Level 3.2 Shields


You had 2 spell levels left.
You didn't know any spells.
Your spell library was empty.

Dungeon Overview and Level Annotations

Branches:
Dungeon (2/15)

Altars:

Annotations:
D:2 Sigmund


Innate Abilities, Weirdness & Mutations

You regenerate health from kills.


Message History

Something hits you but does no damage.
You hear some strange, mumbled words.
You are more confused.
You bump into the rock wall.
You bump into the rock wall.
Something hits you.
You bump into the rock wall.
Something hits you but does no damage.
You hear some strange, mumbled words.
You are more confused.
You're too confused to move!
Something hits you but does no damage.
You bump into the rock wall.
Something hits you but does no damage.
Something hits you but does no damage. x2
You bump into the closed door.
You feel less confused. Something hits you!
Sigmund appears from thin air!
Reactivating autopickup.
Sigmund hits you but does no damage.
You hit Sigmund.
Sigmund is moderately wounded.
Sigmund mumbles some strange words.
Sigmund flickers and vanishes!
Deactivating autopickup; reactivate with Ctrl-A.
You hit something. Something hits you.
You closely miss something. Something hits you.
You miss something. Something hits you but does no damage.
You miss something. Something hits you!
You miss something. Something hits you but does no damage.
You barely miss something. Something hits you.
You barely miss something. Something hits you.
* * * LOW HITPOINT WARNING * * *
You miss something. Something hits you but does no damage.
You miss something. Something hits you but does no damage.
You closely miss something. You block something's attack.
You slash something!
You hear some strange, mumbled words.
A puff of flame appears from out of thin air!
The puff of flame hits you!
* * * LOW HITPOINT WARNING * * *
Something hits you!
You die...

#.# #. #.# #. #.# ##+## #. #>#
##...## #. ###.# ##.....## ####.
##.#.# ##.$.....## ##.##.
########....###.........####...#.
..............+.@^......'........
########....###..{......##.#...#.
##.#.# ##.......###.##.##. ###.#
##.....## #.#####. #.# ##...###
#.##.... ######.# #........#
#.##.### #......# #.###.##.#
#.##.### #.###### #...#.##.#
#....... #.# ###.....##.#
####.###


There were no monsters in sight!

Vanquished Creatures
  An adder (D:2)
  A worm (D:2)
  A dart slug (D:1)
  An endoplasm (D:1)
  4 giant cockroaches (D:1)
  4 goblins
  3 hobgoblins
  2 jackals (D:1)
  4 quokkas (D:1)
  5 ball pythons (D:1)
  3 bats (D:1)
  3 kobolds (D:1)
  9 rats (D:1)
41 creatures vanquished.

Notes
Turn   | Place    | Note
-------+----------+-------------------------------------------
     0 | D:1      | Sabo the Demonspawn Fighter began the quest for the Orb.
     0 | D:1      | Reached XP level 1. HP: 18/18 MP: 1/1
   277 | D:1      | Gained mutation: You regenerate a little health from kills.
                  | [demonic ancestry]
   277 | D:1      | Reached XP level 2. HP: 24/24 MP: 2/2
   717 | D:1      | Gained mutation: You regenerate health from kills. [demonic
                  | ancestry]
   717 | D:1      | Reached XP level 3. HP: 29/29 MP: 3/3
  1284 | D:2      | Noticed Sigmund
  1332 | D:2      | Slain by Sigmund

Illustrated notes

Levels and vault maps discovered:
D:1:      dpeg_arrival_concentric_ovals, layout_basic, minivault_26,
          minmay_rat_gold_closets
D:2:      layout_loops_corners, minivault_19, chequers_arboretum, uniq_sigmund

Skill      XL: |  1  2 |
---------------+-------+-----
Axes           | 2 |  2.4
Shields        | 3 |  3.2
Armour         | 3 |  3.0
Fighting       | |  3.5
Dodging        | |  0.1

Action                     || total
---------------------------++-------
  Melee: War axe           ||   139
    Use: Scroll            ||     3
 Armour: Plate armour      ||    96
  Dodge: Dodged            ||    23
  Block: Kite shield       ||    68

Table legend: (Time is in decaauts)
 A = Elapsed time spent in this place.
 B = Non-inter-level travel time spent in this place.
 C = Inter-level travel time spent in this place.
 D = Time resting spent in this place.
 E = Time spent auto-exploring this place.
 F = Levels seen in this place.
 G = Mean time per level.
                   A        B        C        D        E       F      G
               +--------+--------+--------+--------+--------+-----+--------+
         Total |   1407 |   1407 |      0 |     34 |      0 |   2 |  703.5 |
       Dungeon |   1407 |   1407 |      0 |     34 |      0 |   2 |  703.5 |
               +--------+--------+--------+--------+--------+-----+--------+

Top non-repeatable levels by time:
     D:1: 1104 daAuts
     D:2: 302 daAuts
